TOP OF THE 1ST |
Erie Jaxx batting - Pitching for Plumstead Eagles : RHP Coy Torres
|
Pitching: RHP Coy Torres
|
|
Batting: RHB William Wilson
|
0-0: Ball 1-0: Called Strike 1-1: Ball 2-1: Called Strike 2-2: Ball 3-2: Strikes out swinging
|
Batting: LHB Mike Pearson
|
0-0: Foul Ball, location: 2F 0-1: Swinging Strike 0-2: Strikes out swinging
|
Batting: LHB Josh Pérez
|
0-0: Fly out, F9 (Flyball, 9M)
|
Top of the 1st over - 0 run(s), 0 hit(s), 0 error(s), 0 left on base; Erie 0 - Plumstead 0 |
BOTTOM OF THE 1ST |
Plumstead Eagles batting - Pitching for Erie Jaxx : RHP Ronald Cotton
|
Pitching: RHP Ronald Cotton
|
|
Batting: RHB Don Turner
|
0-0: Ball 1-0: Called Strike 1-1: Ball 2-1: Foul Ball, location: 2F 2-2: Foul Ball, location: 2F 2-2: Ball 3-2: Foul Ball, location: 2F 3-2: Foul Ball, location: 2F 3-2: Strikes out looking
|
Batting: RHB Ethan Moore
|
0-0: Ball 1-0: Ball 2-0: Ball 3-0: Base on Balls
|
Batting: RHB Juan Caceres
|
0-0: Ball 1-0: Foul Ball, location: 2F 1-1: Ball 2-1: Ball 3-1: Fielders Choice at 2nd, 1-4 (Groundball, 13S)
|
Batting: RHB Donald Sanford
|
0-0: Ball Juan Caceres steals 2nd base 1-0: Swinging Strike 1-1: Swinging Strike 1-2: Strikes out looking
|
Bottom of the 1st over - 0 run(s), 0 hit(s), 0 error(s), 1 left on base; Erie 0 - Plumstead 0 |
TOP OF THE 2ND |
Erie Jaxx batting - Pitching for Plumstead Eagles : RHP Coy Torres
|
Batting: LHB Milton Watson
|
0-0: Ball 1-0: Ball 2-0: Called Strike 2-1: Ball 3-1: Base on Balls
|
Batting: LHB Sean Perkins
|
0-0: Called Strike 0-1: Called Strike 0-2: Strikes out swinging
|
Batting: RHB Raúl Bruno
|
0-0: Ball 1-0: Swinging Strike 1-1: Foul Ball, location: 2F 1-2: Ground out 3-1 (Groundball, 34) Milton Watson to second
|
Batting: LHB Denny Allen
|
0-0: Ball 1-0: Swinging Strike 1-1: Ball 2-1: Foul Ball, location: 2F 2-2: Strikes out swinging
|
Top of the 2nd over - 0 run(s), 0 hit(s), 0 error(s), 1 left on base; Erie 0 - Plumstead 0 |
BOTTOM OF THE 2ND |
Plumstead Eagles batting - Pitching for Erie Jaxx : RHP Ronald Cotton
|
Batting: RHB Pablo Villarreal
|
0-0: Called Strike 0-1: Foul Ball, location: 2F 0-2: Strikes out looking
|
Batting: RHB Marvin Beauregard
|
0-0: Ball 1-0: Ball 2-0: Called Strike 2-1: Called Strike 2-2: Strikes out swinging
|
Batting: RHB Richard Case
|
0-0: Called Strike 0-1: Ball 1-1: Foul Ball, location: 2F 1-2: Ball 2-2: Ball 3-2: Strikes out swinging
|
Bottom of the 2nd over - 0 run(s), 0 hit(s), 0 error(s), 0 left on base; Erie 0 - Plumstead 0 |
TOP OF THE 3RD |
Erie Jaxx batting - Pitching for Plumstead Eagles : RHP Coy Torres
|
Batting: SHB Ben Marks
|
0-0: Ball 1-0: Foul Ball, location: 2F 1-1: Called Strike 1-2: Strikes out looking
|
Batting: RHB Raúl Ruíz
|
0-0: Ball 1-0: Called Strike 1-1: Foul Ball, location: 2F 1-2: Ball 2-2: Ground out 5-3 (Groundball, 5L)
|
Batting: RHB William Wilson
|
0-0: Called Strike 0-1: Ball 1-1: Foul Ball, location: 2F 1-2: Foul Ball, location: 2F 1-2: Foul Ball, location: 2F 1-2: SINGLE (Groundball, 56D)
|
Batting: LHB Mike Pearson
|
0-0: Ball 1-0: Ground out 5-3 (Groundball, 56S)
|
Top of the 3rd over - 0 run(s), 1 hit(s), 0 error(s), 1 left on base; Erie 0 - Plumstead 0 |
BOTTOM OF THE 3RD |
Plumstead Eagles batting - Pitching for Erie Jaxx : RHP Ronald Cotton
|
Batting: RHB Louis Smith
|
0-0: Ball 1-0: Ball 2-0: Swinging Strike 2-1: Ball 3-1: Ground out 5-3 (Groundball, 56S)
|
Batting: RHB Víctor Rivera
|
0-0: Called Strike 0-1: Foul Ball, location: 2F 0-2: Ball 1-2: Ground out 5-3 (Groundball, 5S)
|
Batting: RHB Don Turner
|
0-0: Ball 1-0: Foul Ball, location: 2F 1-1: Foul Ball, location: 2F 1-2: Foul Ball, location: 2F 1-2: Strikes out swinging
|
Bottom of the 3rd over - 0 run(s), 0 hit(s), 0 error(s), 0 left on base; Erie 0 - Plumstead 0 |
TOP OF THE 4TH |
Erie Jaxx batting - Pitching for Plumstead Eagles : RHP Coy Torres
|
Batting: LHB Josh Pérez
|
0-0: Ball 1-0: Swinging Strike 1-1: Ball 2-1: Swinging Strike 2-2: Ball 3-2: Base on Balls
|
Batting: LHB Milton Watson
|
0-0: Ball 1-0: Called Strike 1-1: Ball 2-1: Foul Ball, location: 2F 2-2: Foul Ball, location: 2F 2-2: Ball 3-2: Foul Ball, location: 2F 3-2: Base on Balls Josh Pérez to second
|
Batting: LHB Sean Perkins
|
0-0: Called Strike 0-1: Ball 1-1: SINGLE (Groundball, 6MD) Josh Pérez to third Milton Watson to second Runner from 3rd tries for Home, SAFE, no throw or cutoff
|
Batting: RHB Raúl Bruno
|
0-0: Ball 1-0: Reached on error, E5 (Groundball, 56) Milton Watson to third Sean Perkins to second
|
Batting: LHB Denny Allen
|
0-0: Ball 1-0: Called Strike 1-1: Foul Ball, location: 2F 1-2: Ball 2-2: Strikes out swinging
|
Batting: SHB Ben Marks
|
0-0: Ball 1-0: Ground out 4-3 (Groundball, 4M) Milton Watson scores Sean Perkins to third Raúl Bruno to second
|
Batting: RHB Raúl Ruíz
|
0-0: Ball 1-0: Foul Ball, location: 2F 1-1: Fly out, F8 (Flyball, 8RM)
|
Top of the 4th over - 2 run(s), 1 hit(s), 1 error(s), 2 left on base; Erie 2 - Plumstead 0 |
BOTTOM OF THE 4TH |
Plumstead Eagles batting - Pitching for Erie Jaxx : RHP Ronald Cotton
|
Batting: RHB Ethan Moore
|
0-0: Ball 1-0: Ball 2-0: Called Strike 2-1: Ground out 5-3 (Groundball, 56)
|
Batting: RHB Juan Caceres
|
0-0: Ball 1-0: Ball 2-0: Ball 3-0: Fly out, F8 (Line Drive, 8LXD)
|
Batting: RHB Donald Sanford
|
0-0: Ball 1-0: Called Strike 1-1: Reached on error, E1 (Groundball, 15)
|
Batting: RHB Pablo Villarreal
|
0-0: Called Strike 0-1: Fly out, F9 (Flyball, 9M)
|
Bottom of the 4th over - 0 run(s), 0 hit(s), 1 error(s), 1 left on base; Erie 2 - Plumstead 0 |
TOP OF THE 5TH |
Erie Jaxx batting - Pitching for Plumstead Eagles : RHP Coy Torres
|
Batting: RHB William Wilson
|
0-0: Ball 1-0: Ball 2-0: Called Strike 2-1: Ball 3-1: Called Strike 3-2: Foul Ball, location: 2F 3-2: SINGLE (Groundball, 4M)
|
Batting: LHB Mike Pearson
|
0-0: Called Strike 0-1: Ball 1-1: Ball 2-1: Called Strike William Wilson steals 2nd base 2-2: Strikes out swinging
|
Pitching: RHP Lane Lund
|
|
Batting: LHB Josh Pérez
|
0-0: Ball 1-0: Ball 2-0: Foul Ball, location: 2F 2-1: Swinging Strike 2-2: 2-RUN HOME RUN (Flyball, 9D), Distance : 381 ft
|
Batting: LHB Milton Watson
|
0-0: Ball 1-0: Foul Ball, location: 2F 1-1: Foul Ball, location: 2F 1-2: Ball 2-2: SINGLE (Line Drive, 9S)
|
Batting: LHB Sean Perkins
|
0-0: Called Strike 0-1: Ball 1-1: Ball 2-1: Foul Ball, location: 2F 2-2: Ball 3-2: Fly out, F8 (Flyball, 78S)
|
Batting: RHB Raúl Bruno
|
0-0: Ball 1-0: Ball 2-0: Swinging Strike 2-1: Foul Ball, location: 2F 2-2: Ball 3-2: Base on Balls Milton Watson to second
|
Batting: LHB Denny Allen
|
0-0: Called Strike 0-1: Swinging Strike 0-2: Strikes out swinging
|
Top of the 5th over - 2 run(s), 3 hit(s), 0 error(s), 2 left on base; Erie 4 - Plumstead 0 |
BOTTOM OF THE 5TH |
Plumstead Eagles batting - Pitching for Erie Jaxx : RHP Ronald Cotton
|
Batting: RHB Marvin Beauregard
|
0-0: Ground out 6-3 (Groundball, 6M)
|
Batting: RHB Richard Case
|
0-0: Foul Ball, location: 2F 0-1: Ball 1-1: Foul Ball, location: 2F 1-2: Foul Ball, location: 2F 1-2: Strikes out swinging
|
Batting: RHB Louis Smith
|
0-0: Ground out 6-3 (Groundball, 56)
|
Bottom of the 5th over - 0 run(s), 0 hit(s), 0 error(s), 0 left on base; Erie 4 - Plumstead 0 |
TOP OF THE 6TH |
Erie Jaxx batting - Pitching for Plumstead Eagles : RHP Lane Lund
|
Batting: SHB Ben Marks
|
0-0: Ball 1-0: Swinging Strike 1-1: Foul Ball, location: 2F 1-2: SOLO HOME RUN (Flyball, 8LXD), Distance : 460 ft
|
Batting: RHB Raúl Ruíz
|
0-0: Ball 1-0: Called Strike 1-1: Ball 2-1: Ball 3-1: Base on Balls
|
Batting: RHB William Wilson
|
0-0: Ground out 5-3 (Groundball, 5S) Raúl Ruíz to second
|
Batting: LHB Mike Pearson
|
0-0: Ball 1-0: Called Strike 1-1: Foul Ball, location: 2F 1-2: TRIPLE (Line Drive, 4M) Raúl Ruíz scores
|
Pitching: LHP Pat Bruce
|
|
Batting: LHB Josh Pérez
|
0-0: Called Strike 0-1: Foul Ball, location: 2F 0-2: Fly out, F9 (Flyball, 89M) Runner from 3rd tags up, SCORES, no throw
|
Batting: LHB Milton Watson
|
0-0: Ball 1-0: Foul Ball, location: 2F 1-1: Called Strike 1-2: Foul Ball, location: 2F 1-2: Strikes out swinging
|
Top of the 6th over - 3 run(s), 2 hit(s), 0 error(s), 0 left on base; Erie 7 - Plumstead 0 |
BOTTOM OF THE 6TH |
Plumstead Eagles batting - Pitching for Erie Jaxx : RHP Ronald Cotton
|
Batting: RHB Víctor Rivera
|
0-0: Hit by Pitch
|
Pinch Runner at 1st Jaime Rodríguez:
|
|
Batting: RHB Don Turner
|
0-0: Called Strike 0-1: Ball 1-1: Ground out 6-3 (Groundball, 6MS) Jaime Rodríguez to second
|
Batting: RHB Ethan Moore
|
0-0: Ground out 5-3 (Groundball, 56S) Jaime Rodríguez to third
|
Batting: RHB Juan Caceres
|
0-0: Ball 1-0: Ball 2-0: Ball 3-0: Called Strike 3-1: Base on Balls
|
Batting: RHB Donald Sanford
|
0-0: Ball 1-0: Ball 2-0: Ball 3-0: Base on Balls Juan Caceres to second
|
Batting: RHB Pablo Villarreal
|
0-0: Ball 1-0: Ball 2-0: Ball 3-0: Called Strike 3-1: Swinging Strike 3-2: Strikes out swinging
|
Bottom of the 6th over - 0 run(s), 0 hit(s), 0 error(s), 3 left on base; Erie 7 - Plumstead 0 |
TOP OF THE 7TH |
Erie Jaxx batting - Pitching for Plumstead Eagles : LHP Pat Bruce
|
Now at 1B: Jaime Rodríguez
|
|
Batting: LHB Sean Perkins
|
0-0: Called Strike 0-1: Ball 1-1: Called Strike 1-2: SINGLE (Line Drive, 89S)
|
Batting: RHB Raúl Bruno
|
0-0: Sac Bunt - play at first, batter OUT! 1-3 Sean Perkins to second
|
Batting: LHB Denny Allen
|
0-0: Called Strike 0-1: Swinging Strike 0-2: Strikes out swinging
|
Batting: SHB Ben Marks
|
0-0: Ball 1-0: Ball 2-0: Swinging Strike 2-1: Swinging Strike 2-2: Strikes out looking
|
Top of the 7th over - 0 run(s), 1 hit(s), 0 error(s), 1 left on base; Erie 7 - Plumstead 0 |
BOTTOM OF THE 7TH |
Plumstead Eagles batting - Pitching for Erie Jaxx : RHP Ronald Cotton
|
Batting: RHB Marvin Beauregard
|
0-0: Ball 1-0: Foul Ball, location: 2F 1-1: Ball 2-1: Ball 3-1: Called Strike 3-2: Foul Ball, location: 2F 3-2: Strikes out swinging
|
Batting: RHB Richard Case
|
0-0: Ball 1-0: Called Strike 1-1: Ball 2-1: Foul Ball, location: 2F 2-2: Foul Ball, location: 2F 2-2: Foul Ball, location: 2F 2-2: Ball 3-2: Strikes out swinging
|
Batting: RHB Louis Smith
|
0-0: Ball 1-0: Ball 2-0: Ground out 5-3 (Groundball, 56)
|
Bottom of the 7th over - 0 run(s), 0 hit(s), 0 error(s), 0 left on base; Erie 7 - Plumstead 0 |
TOP OF THE 8TH |
Erie Jaxx batting - Pitching for Plumstead Eagles : LHP Pat Bruce
|
Batting: RHB Raúl Ruíz
|
0-0: Called Strike 0-1: Called Strike 0-2: SINGLE (Line Drive, 8RS)
|
Batting: RHB William Wilson
|
0-0: Sac Bunt - play at first, batter OUT! 1-3 Raúl Ruíz to second
|
Batting: LHB Mike Pearson
|
0-0: Ball 1-0: Foul Ball, location: 2F 1-1: Fly out, F7 (Flyball, 78D)
|
Batting: LHB Josh Pérez
|
0-0: Swinging Strike 0-1: Called Strike 0-2: Ball 1-2: Ball 2-2: Strikes out swinging
|
Top of the 8th over - 0 run(s), 1 hit(s), 0 error(s), 1 left on base; Erie 7 - Plumstead 0 |
BOTTOM OF THE 8TH |
Plumstead Eagles batting - Pitching for Erie Jaxx : RHP Ronald Cotton
|
Batting: RHB Jaime Rodríguez
|
0-0: SOLO HOME RUN (Flyball, 9D), Distance : 366 ft
|
Pitching: LHP Dexter Browning
|
|
Batting: RHB Don Turner
|
0-0: Ball 1-0: Fly out, F7 (Flyball, 78S)
|
Batting: RHB Ethan Moore
|
0-0: Ball 1-0: Ground out 4-3 (Groundball, 4)
|
Batting: RHB Juan Caceres
|
0-0: Fly out, F7 (Flyball, 78S)
|
Bottom of the 8th over - 1 run(s), 1 hit(s), 0 error(s), 0 left on base; Erie 7 - Plumstead 1 |
TOP OF THE 9TH |
Erie Jaxx batting - Pitching for Plumstead Eagles : LHP Pat Bruce
|
Pitching: RHP Iván Márquez
|
|
Batting: LHB Milton Watson
|
0-0: Called Strike 0-1: Called Strike 0-2: Strikes out swinging
|
Batting: LHB Sean Perkins
|
0-0: Fly out, F7 (Flyball, 7LM)
|
Batting: RHB Raúl Bruno
|
0-0: Ball 1-0: Ball 2-0: Ball 3-0: Called Strike 3-1: Ground out 4-3 (Groundball, 4)
|
Top of the 9th over - 0 run(s), 0 hit(s), 0 error(s), 0 left on base; Erie 7 - Plumstead 1 |
BOTTOM OF THE 9TH |
Plumstead Eagles batting - Pitching for Erie Jaxx : LHP Dexter Browning
|
Now in CF: Luis Fuentes
|
|
Batting: RHB Donald Sanford
|
0-0: Ball 1-0: Foul Ball, location: 2F 1-1: Ground out 6-3 (Groundball, 6)
|
Batting: RHB Pablo Villarreal
|
0-0: Ball 1-0: Ball 2-0: Ball 3-0: Swinging Strike 3-1: Called Strike 3-2: Base on Balls
|
Batting: RHB Marvin Beauregard
|
0-0: Called Strike 0-1: Called Strike 0-2: Strikes out swinging
|
Batting: RHB Richard Case
|
0-0: Ball 1-0: Called Strike 1-1: Ball 2-1: SINGLE (Line Drive, 4D) Pablo Villarreal to second Runner from 2nd tries for 3rd, SAFE, no throw or cutoff
|
Batting: RHB Louis Smith
|
0-0: Ball 1-0: Called Strike 1-1: Ball 2-1: DOUBLE (Line Drive, 5L) Pablo Villarreal scores Richard Case to third Runner from 3rd tries for Home, SAFE, no throw or cutoff
|
Batting: RHB Jaime Rodríguez
|
0-0: Ball 1-0: Called Strike 1-1: Foul Ball, location: 2F 1-2: Ball 2-2: Foul Ball, location: 2F 2-2: Ground out 1-3 (Groundball, 13)
|
Bottom of the 9th over - 2 run(s), 2 hit(s), 0 error(s), 1 left on base; Erie 7 - Plumstead 3 |
|